 Dungeon Crawl Stone Soup version 0.23-a0-629-gae4348f6cf (webtiles) character file.

128 HereIgoKillingAgain the Chopper (level 5, -5/46 HPs)
             Began as a Hill Orc Monk on Dec 26, 2018.
             Killed from afar by an orc (48 damage)
             ... with an exploding inner flame
             ... hexed by the player character
             ... on level 3 of the Dungeon.
             The game lasted 00:03:13 (2343 turns).

HereIgoKillingAgain the Chopper (Hill Orc Monk)     Turns: 2343, Time: 00:03:14

Health: -5/46      AC:  3    Str: 15    XL:     5   Next: 12%
Magic:  0/5        EV: 12    Int: 10    God:
Gold:   144        SH:  0    Dex: 13    Spells: 4/4 levels left

rFire    . . .     SeeInvis .   a - +0 hand axe
rCold    . . .     Gourm    .   (no shield)
rNeg     . . .     Faith    .   k - +0 leather armour
rPois    .         Spirit   +   (no helmet)
rElec    .         Reflect  .   (no cloak)
rCorr    .         Harm     .   (no gloves)
MR       .....                  (no boots)
Stlth    ++........             l - amulet of guardian spirit
HPRegen  0.15/turn              (no ring)
MPRegen  0.09/turn              (no ring)

@: no status effects
A: no striking features
a: no special abilities


You were on level 3 of the Dungeon.
You were not hungry.

You visited 1 branch of the dungeon, and saw 3 of its levels.

You collected 144 gold pieces.

Inventory:

Hand Weapons
 a - a +0 hand axe (weapon)
 h - a +1 long sword of holy wrath
Armour
 b - a +0 robe
 k - a +0 leather armour (worn)
Jewellery
 e - an uncursed ring of ice
 l - an amulet of guardian spirit (around neck)
Scrolls
 d - 2 scrolls of remove curse
 f - 2 scrolls of immolation
Comestibles
 c - 5 rations


   Skills:
 - Level 3.6 Fighting
 + Level 7.4 Axes
 - Level 2.4 Dodging
 - Level 1.5 Stealth


You had 4 spell levels left.
You didn't know any spells.
Your spell library was empty.

Dungeon Overview and Level Annotations

Branches:
Dungeon (3/15)

Altars:

Annotations:
D:3 Sigmund


Message History

Sigmund shouts!
You hit the hobgoblin.
The hobgoblin is almost dead.
Sigmund mumbles some strange words.
Sigmund flickers and vanishes!
Deactivating autopickup; reactivate with Ctrl-A.
The hobgoblin barely misses you.
You slash the hobgoblin!
You kill the hobgoblin!
The orc hits you but does no damage.
You see here a hobgoblin corpse.
You aren't carrying any potions.
As you read the scroll of immolation, it crumbles to dust.
The creatures around you are filled with an inner flame!
The orc closely misses you.
You slash the orc!
The orc explodes!
The fiery explosion engulfs you!
Ouch! That really hurt!
You die...

.# #.# #.#
#.# ##.##
####...#
#......#####.
#.##.........
#.###@######
#.# #ยง# #.#
#o# #.# #o#
#.# #{# #.#
#.# #.# #.#
#.# #.# #.#


You could see 2 orcs.

Vanquished Creatures
  Terence (D:2)
  4 adders (D:2)
  An ooze (D:2)
  A worm (D:2)
  A dart slug (D:2)
  2 leopard geckos (D:2)
  2 giant cockroaches (D:1)
  9 goblins
  10 hobgoblins
  A quokka (D:2)
  A ball python (D:2)
  5 bats
  3 frilled lizards
  9 kobolds
  5 rats
55 creatures vanquished.

Notes
Turn   | Place    | Note
-------+----------+-------------------------------------------
     0 | D:1      | HereIgoKillingAgain the Hill Orc Monk began the quest for
                  | the Orb.
     0 | D:1      | Reached XP level 1. HP: 19/19 MP: 1/1
    57 | D:1      | You fall through a shaft!
    78 | D:2      | Reached XP level 2. HP: 13/27 MP: 2/2
   435 | D:1      | Reached skill level 5 in Axes
   605 | D:1      | Reached XP level 3. HP: 24/33 MP: 3/3
  1202 | D:2      | Reached skill level 6 in Axes
  1206 | D:2      | Reached XP level 4. HP: 11/40 MP: 0/4
  1565 | D:2      | Noticed Terence
  1600 | D:2      | HP: 2/40 [Terence/+0 mace (3)]
  1604 | D:2      | Killed Terence
  1604 | D:2      | Reached skill level 7 in Axes
  2110 | D:2      | Reached XP level 5. HP: 36/46 MP: 5/5
  2338 | D:3      | Noticed Sigmund
  2343 | D:3      | Killed from afar by an orc

Vault maps used:
D:1:      dpeg_arrival_signposts
D:2:      kennysheep_nondescript, minmay_split_cup_small, uniq_terence
D:3:      serial_park_tiny_1, uniq_sigmund, uniq_ijyb

Skill      XL: |  1  2  3  4 |
---------------+-------------+-----
Axes           | 5 6 7 |  7.4
Fighting       | |  3.6
Dodging        | |  2.4
Stealth        | |  1.5

Action                   |  1- 3 |  4- 6 || total
-------------------------+-------+-------++-------
Melee: Hand axe          |   134 |    45 ||   179
       Long sword        |       |    39 ||    39
  Use: Scroll            |     4 |     1 ||     5
       Potion            |     1 |     3 ||     4
 Stab: Sleeping          |     5 |     1 ||     6
  Eat: Chunk             |       |     5 ||     5
Armor: Robe              |     7 |       ||     7
       Leather armour    |    18 |    17 ||    35
Dodge: Dodged            |    95 |    57 ||   152
       Rpst.: Long sword |       |    12 ||    12

Table legend:
 A = Non-vault XP
 B = Vault XP
 C = Vault XP percentage of total XP
 D = Non-vault monster count
 E = Vault monster count
 F = Vault count percentage of total count
                 A         B        C        D         E       F
            +---------+---------+-------+---------+---------+-------
      Total |     142 |      42 |  22.8 |      51 |       4 |   7.3
            +---------+---------+-------+---------+---------+-------
        D:1 |      45 |       0 |   0.0 |      27 |       0 |   0.0
        D:2 |      95 |      42 |  30.7 |      23 |       4 |  14.8
        D:3 |       2 |       0 |   0.0 |       1 |       0 |   0.0
            +---------+---------+-------+---------+---------+-------
